%YAML 1.1
%TAG !u! tag:unity3d.com,2011:
--- !u!1 &5170424573292821696
GameObject:
  m_ObjectHideFlags: 0
  m_CorrespondingSourceObject: {fileID: 0}
  m_PrefabInstance: {fileID: 0}
  m_PrefabAsset: {fileID: 0}
  serializedVersion: 6
  m_Component:
  - component: {fileID: 3157449888127687147}
  m_Layer: 0
  m_Name: LargeHighPlatformWall00_5
  m_TagString: Untagged
  m_Icon: {fileID: 0}
  m_NavMeshLayer: 0
  m_StaticEditorFlags: 0
  m_IsActive: 1
--- !u!4 &3157449888127687147
Transform:
  m_ObjectHideFlags: 0
  m_CorrespondingSourceObject: {fileID: 0}
  m_PrefabInstance: {fileID: 0}
  m_PrefabAsset: {fileID: 0}
  m_GameObject: {fileID: 5170424573292821696}
  m_LocalRotation: {x: 0, y: 0, z: 0, w: 1}
  m_LocalPosition: {x: 0, y: 0, z: 0}
  m_LocalScale: {x: 1, y: 1, z: 1}
  m_ConstrainProportionsScale: 0
  m_Children:
  - {fileID: 2840446532268904971}
  - {fileID: 877322011}
  - {fileID: 1381259340280492701}
  - {fileID: 5200312424549652085}
  - {fileID: 6273733021437149934}
  - {fileID: 1720237329312788842}
  - {fileID: 1977309556442774013}
  m_Father: {fileID: 0}
  m_RootOrder: 0
  m_LocalEulerAnglesHint: {x: 0, y: 0, z: 0}
--- !u!1001 &2667566917341031271
PrefabInstance:
  m_ObjectHideFlags: 0
  serializedVersion: 2
  m_Modification:
    m_TransformParent: {fileID: 3157449888127687147}
    m_Modifications:
    - target: {fileID: 3332353345429727733, guid: a4b3d9696735ddd4495a93e1c80098b1, type: 3}
      propertyPath: m_Materials.Array.data[1]
      value: 
      objectReference: {fileID: 2100000, guid: d10ba99d28d23ae489236b94f2e08eef, type: 2}
    - target: {fileID: 3332353345429727733, guid: a4b3d9696735ddd4495a93e1c80098b1, type: 3}
      propertyPath: m_Materials.Array.data[2]
      value: 
      objectReference: {fileID: 2100000, guid: 901d4c89e62b13f4698418ad1f0a02ce, type: 2}
    - target: {fileID: 3836532272820111392, guid: a4b3d9696735ddd4495a93e1c80098b1, type: 3}
      propertyPath: m_Name
      value: PlatformWall00b_5 Variant (2)
      objectReference: {fileID: 0}
    - target: {fileID: 4500724863496065690, guid: a4b3d9696735ddd4495a93e1c80098b1, type: 3}
      propertyPath: m_RootOrder
      value: 6
      objectReference: {fileID: 0}
    - target: {fileID: 4500724863496065690, guid: a4b3d9696735ddd4495a93e1c80098b1, type: 3}
      propertyPath: m_LocalPosition.x
      value: 0
      objectReference: {fileID: 0}
    - target: {fileID: 4500724863496065690, guid: a4b3d9696735ddd4495a93e1c80098b1, type: 3}
      propertyPath: m_LocalPosition.y
      value: -20
      objectReference: {fileID: 0}
    - target: {fileID: 4500724863496065690, guid: a4b3d9696735ddd4495a93e1c80098b1, type: 3}
      propertyPath: m_LocalPosition.z
      value: 0
      objectReference: {fileID: 0}
    - target: {fileID: 4500724863496065690, guid: a4b3d9696735ddd4495a93e1c80098b1, type: 3}
      propertyPath: m_LocalRotation.w
      value: 1
      objectReference: {fileID: 0}
    - target: {fileID: 4500724863496065690, guid: a4b3d9696735ddd4495a93e1c80098b1, type: 3}
      propertyPath: m_LocalRotation.x
      value: 0
      objectReference: {fileID: 0}
    - target: {fileID: 4500724863496065690, guid: a4b3d9696735ddd4495a93e1c80098b1, type: 3}
      propertyPath: m_LocalRotation.y
      value: -0
      objectReference: {fileID: 0}
    - target: {fileID: 4500724863496065690, guid: a4b3d9696735ddd4495a93e1c80098b1, type: 3}
      propertyPath: m_LocalRotation.z
      value: -0
      objectReference: {fileID: 0}
    - target: {fileID: 4500724863496065690, guid: a4b3d9696735ddd4495a93e1c80098b1, type: 3}
      propertyPath: m_LocalEulerAnglesHint.x
      value: 0
      objectReference: {fileID: 0}
    - target: {fileID: 4500724863496065690, guid: a4b3d9696735ddd4495a93e1c80098b1, type: 3}
      propertyPath: m_LocalEulerAnglesHint.y
      value: 0
      objectReference: {fileID: 0}
    - target: {fileID: 4500724863496065690, guid: a4b3d9696735ddd4495a93e1c80098b1, type: 3}
      propertyPath: m_LocalEulerAnglesHint.z
      value: 0
      objectReference: {fileID: 0}
    m_RemovedComponents: []
  m_SourcePrefab: {fileID: 100100000, guid: a4b3d9696735ddd4495a93e1c80098b1, type: 3}
--- !u!4 &1977309556442774013 stripped
Transform:
  m_CorrespondingSourceObject: {fileID: 4500724863496065690, guid: a4b3d9696735ddd4495a93e1c80098b1, type: 3}
  m_PrefabInstance: {fileID: 2667566917341031271}
  m_PrefabAsset: {fileID: 0}
--- !u!1001 &2686040993669236337
PrefabInstance:
  m_ObjectHideFlags: 0
  serializedVersion: 2
  m_Modification:
    m_TransformParent: {fileID: 3157449888127687147}
    m_Modifications:
    - target: {fileID: 2686040993328798058, guid: 216d22c0cd76746499cada8e5fb7a4fa, type: 3}
      propertyPath: m_RootOrder
      value: 1
      objectReference: {fileID: 0}
    - target: {fileID: 2686040993328798058, guid: 216d22c0cd76746499cada8e5fb7a4fa, type: 3}
      propertyPath: m_LocalPosition.x
      value: -2
      objectReference: {fileID: 0}
    - target: {fileID: 2686040993328798058, guid: 216d22c0cd76746499cada8e5fb7a4fa, type: 3}
      propertyPath: m_LocalPosition.y
      value: 1
      objectReference: {fileID: 0}
    - target: {fileID: 2686040993328798058, guid: 216d22c0cd76746499cada8e5fb7a4fa, type: 3}
      propertyPath: m_LocalPosition.z
      value: 0
      objectReference: {fileID: 0}
    - target: {fileID: 2686040993328798058, guid: 216d22c0cd76746499cada8e5fb7a4fa, type: 3}
      propertyPath: m_LocalRotation.w
      value: 1
      objectReference: {fileID: 0}
    - target: {fileID: 2686040993328798058, guid: 216d22c0cd76746499cada8e5fb7a4fa, type: 3}
      propertyPath: m_LocalRotation.x
      value: 0
      objectReference: {fileID: 0}
    - target: {fileID: 2686040993328798058, guid: 216d22c0cd76746499cada8e5fb7a4fa, type: 3}
      propertyPath: m_LocalRotation.y
      value: 0
      objectReference: {fileID: 0}
    - target: {fileID: 2686040993328798058, guid: 216d22c0cd76746499cada8e5fb7a4fa, type: 3}
      propertyPath: m_LocalRotation.z
      value: 0
      objectReference: {fileID: 0}
    - target: {fileID: 2686040993328798058, guid: 216d22c0cd76746499cada8e5fb7a4fa, type: 3}
      propertyPath: m_LocalEulerAnglesHint.x
      value: 0
      objectReference: {fileID: 0}
    - target: {fileID: 2686040993328798058, guid: 216d22c0cd76746499cada8e5fb7a4fa, type: 3}
      propertyPath: m_LocalEulerAnglesHint.y
      value: 0
      objectReference: {fileID: 0}
    - target: {fileID: 2686040993328798058, guid: 216d22c0cd76746499cada8e5fb7a4fa, type: 3}
      propertyPath: m_LocalEulerAnglesHint.z
      value: 0
      objectReference: {fileID: 0}
    - target: {fileID: 2686040993328798061, guid: 216d22c0cd76746499cada8e5fb7a4fa, type: 3}
      propertyPath: m_Name
      value: FenceCrystal_Border00_5
      objectReference: {fileID: 0}
    m_RemovedComponents: []
  m_SourcePrefab: {fileID: 100100000, guid: 216d22c0cd76746499cada8e5fb7a4fa, type: 3}
--- !u!4 &877322011 stripped
Transform:
  m_CorrespondingSourceObject: {fileID: 2686040993328798058, guid: 216d22c0cd76746499cada8e5fb7a4fa, type: 3}
  m_PrefabInstance: {fileID: 2686040993669236337}
  m_PrefabAsset: {fileID: 0}
--- !u!1001 &2715169375321255548
PrefabInstance:
  m_ObjectHideFlags: 0
  serializedVersion: 2
  m_Modification:
    m_TransformParent: {fileID: 3157449888127687147}
    m_Modifications:
    - target: {fileID: 2796221865076385678, guid: 5d90e41f383a79f41be6b4e1e98eebff, type: 3}
      propertyPath: m_Materials.Array.data[1]
      value: 
      objectReference: {fileID: 2100000, guid: dbf1c534410bfd9419a6d19118a100d5, type: 2}
    - target: {fileID: 3928546404721564897, guid: 5d90e41f383a79f41be6b4e1e98eebff, type: 3}
      propertyPath: m_RootOrder
      value: 2
      objectReference: {fileID: 0}
    - target: {fileID: 3928546404721564897, guid: 5d90e41f383a79f41be6b4e1e98eebff, type: 3}
      propertyPath: m_LocalPosition.x
      value: 0
      objectReference: {fileID: 0}
    - target: {fileID: 3928546404721564897, guid: 5d90e41f383a79f41be6b4e1e98eebff, type: 3}
      propertyPath: m_LocalPosition.y
      value: 0
      objectReference: {fileID: 0}
    - target: {fileID: 3928546404721564897, guid: 5d90e41f383a79f41be6b4e1e98eebff, type: 3}
      propertyPath: m_LocalPosition.z
      value: 0
      objectReference: {fileID: 0}
    - target: {fileID: 3928546404721564897, guid: 5d90e41f383a79f41be6b4e1e98eebff, type: 3}
      propertyPath: m_LocalRotation.w
      value: 1
      objectReference: {fileID: 0}
    - target: {fileID: 3928546404721564897, guid: 5d90e41f383a79f41be6b4e1e98eebff, type: 3}
      propertyPath: m_LocalRotation.x
      value: 0
      objectReference: {fileID: 0}
    - target: {fileID: 3928546404721564897, guid: 5d90e41f383a79f41be6b4e1e98eebff, type: 3}
      propertyPath: m_LocalRotation.y
      value: -0
      objectReference: {fileID: 0}
    - target: {fileID: 3928546404721564897, guid: 5d90e41f383a79f41be6b4e1e98eebff, type: 3}
      propertyPath: m_LocalRotation.z
      value: -0
      objectReference: {fileID: 0}
    - target: {fileID: 3928546404721564897, guid: 5d90e41f383a79f41be6b4e1e98eebff, type: 3}
      propertyPath: m_LocalEulerAnglesHint.x
      value: 0
      objectReference: {fileID: 0}
    - target: {fileID: 3928546404721564897, guid: 5d90e41f383a79f41be6b4e1e98eebff, type: 3}
      propertyPath: m_LocalEulerAnglesHint.y
      value: 0
      objectReference: {fileID: 0}
    - target: {fileID: 3928546404721564897, guid: 5d90e41f383a79f41be6b4e1e98eebff, type: 3}
      propertyPath: m_LocalEulerAnglesHint.z
      value: 0
      objectReference: {fileID: 0}
    - target: {fileID: 4453726366526948955, guid: 5d90e41f383a79f41be6b4e1e98eebff, type: 3}
      propertyPath: m_Name
      value: PlatformBorder00b_5 Variant
      objectReference: {fileID: 0}
    m_RemovedComponents: []
  m_SourcePrefab: {fileID: 100100000, guid: 5d90e41f383a79f41be6b4e1e98eebff, type: 3}
--- !u!4 &1381259340280492701 stripped
Transform:
  m_CorrespondingSourceObject: {fileID: 3928546404721564897, guid: 5d90e41f383a79f41be6b4e1e98eebff, type: 3}
  m_PrefabInstance: {fileID: 2715169375321255548}
  m_PrefabAsset: {fileID: 0}
--- !u!1001 &3002295486229881840
PrefabInstance:
  m_ObjectHideFlags: 0
  serializedVersion: 2
  m_Modification:
    m_TransformParent: {fileID: 3157449888127687147}
    m_Modifications:
    - target: {fileID: 3332353345429727733, guid: a4b3d9696735ddd4495a93e1c80098b1, type: 3}
      propertyPath: m_Materials.Array.data[1]
      value: 
      objectReference: {fileID: 2100000, guid: d10ba99d28d23ae489236b94f2e08eef, type: 2}
    - target: {fileID: 3332353345429727733, guid: a4b3d9696735ddd4495a93e1c80098b1, type: 3}
      propertyPath: m_Materials.Array.data[2]
      value: 
      objectReference: {fileID: 2100000, guid: c34432f1fb593154fb9879e2899cc849, type: 2}
    - target: {fileID: 3836532272820111392, guid: a4b3d9696735ddd4495a93e1c80098b1, type: 3}
      propertyPath: m_Name
      value: PlatformWall00b_5 Variant (1)
      objectReference: {fileID: 0}
    - target: {fileID: 4500724863496065690, guid: a4b3d9696735ddd4495a93e1c80098b1, type: 3}
      propertyPath: m_RootOrder
      value: 5
      objectReference: {fileID: 0}
    - target: {fileID: 4500724863496065690, guid: a4b3d9696735ddd4495a93e1c80098b1, type: 3}
      propertyPath: m_LocalPosition.x
      value: 0
      objectReference: {fileID: 0}
    - target: {fileID: 4500724863496065690, guid: a4b3d9696735ddd4495a93e1c80098b1, type: 3}
      propertyPath: m_LocalPosition.y
      value: -15
      objectReference: {fileID: 0}
    - target: {fileID: 4500724863496065690, guid: a4b3d9696735ddd4495a93e1c80098b1, type: 3}
      propertyPath: m_LocalPosition.z
      value: 0
      objectReference: {fileID: 0}
    - target: {fileID: 4500724863496065690, guid: a4b3d9696735ddd4495a93e1c80098b1, type: 3}
      propertyPath: m_LocalRotation.w
      value: 1
      objectReference: {fileID: 0}
    - target: {fileID: 4500724863496065690, guid: a4b3d9696735ddd4495a93e1c80098b1, type: 3}
      propertyPath: m_LocalRotation.x
      value: 0
      objectReference: {fileID: 0}
    - target: {fileID: 4500724863496065690, guid: a4b3d9696735ddd4495a93e1c80098b1, type: 3}
      propertyPath: m_LocalRotation.y
      value: -0
      objectReference: {fileID: 0}
    - target: {fileID: 4500724863496065690, guid: a4b3d9696735ddd4495a93e1c80098b1, type: 3}
      propertyPath: m_LocalRotation.z
      value: -0
      objectReference: {fileID: 0}
    - target: {fileID: 4500724863496065690, guid: a4b3d9696735ddd4495a93e1c80098b1, type: 3}
      propertyPath: m_LocalEulerAnglesHint.x
      value: 0
      objectReference: {fileID: 0}
    - target: {fileID: 4500724863496065690, guid: a4b3d9696735ddd4495a93e1c80098b1, type: 3}
      propertyPath: m_LocalEulerAnglesHint.y
      value: 0
      objectReference: {fileID: 0}
    - target: {fileID: 4500724863496065690, guid: a4b3d9696735ddd4495a93e1c80098b1, type: 3}
      propertyPath: m_LocalEulerAnglesHint.z
      value: 0
      objectReference: {fileID: 0}
    m_RemovedComponents: []
  m_SourcePrefab: {fileID: 100100000, guid: a4b3d9696735ddd4495a93e1c80098b1, type: 3}
--- !u!4 &1720237329312788842 stripped
Transform:
  m_CorrespondingSourceObject: {fileID: 4500724863496065690, guid: a4b3d9696735ddd4495a93e1c80098b1, type: 3}
  m_PrefabInstance: {fileID: 3002295486229881840}
  m_PrefabAsset: {fileID: 0}
--- !u!1001 &3935451123531052627
PrefabInstance:
  m_ObjectHideFlags: 0
  serializedVersion: 2
  m_Modification:
    m_TransformParent: {fileID: 3157449888127687147}
    m_Modifications:
    - target: {fileID: 7029346075989030077, guid: 3499597d4928ae04f84a60def49067ff, type: 3}
      propertyPath: m_RootOrder
      value: 4
      objectReference: {fileID: 0}
    - target: {fileID: 7029346075989030077, guid: 3499597d4928ae04f84a60def49067ff, type: 3}
      propertyPath: m_LocalPosition.x
      value: 0
      objectReference: {fileID: 0}
    - target: {fileID: 7029346075989030077, guid: 3499597d4928ae04f84a60def49067ff, type: 3}
      propertyPath: m_LocalPosition.y
      value: -10
      objectReference: {fileID: 0}
    - target: {fileID: 7029346075989030077, guid: 3499597d4928ae04f84a60def49067ff, type: 3}
      propertyPath: m_LocalPosition.z
      value: 0
      objectReference: {fileID: 0}
    - target: {fileID: 7029346075989030077, guid: 3499597d4928ae04f84a60def49067ff, type: 3}
      propertyPath: m_LocalRotation.w
      value: 1
      objectReference: {fileID: 0}
    - target: {fileID: 7029346075989030077, guid: 3499597d4928ae04f84a60def49067ff, type: 3}
      propertyPath: m_LocalRotation.x
      value: -0
      objectReference: {fileID: 0}
    - target: {fileID: 7029346075989030077, guid: 3499597d4928ae04f84a60def49067ff, type: 3}
      propertyPath: m_LocalRotation.y
      value: -0
      objectReference: {fileID: 0}
    - target: {fileID: 7029346075989030077, guid: 3499597d4928ae04f84a60def49067ff, type: 3}
      propertyPath: m_LocalRotation.z
      value: -0
      objectReference: {fileID: 0}
    - target: {fileID: 7029346075989030077, guid: 3499597d4928ae04f84a60def49067ff, type: 3}
      propertyPath: m_LocalEulerAnglesHint.x
      value: 0
      objectReference: {fileID: 0}
    - target: {fileID: 7029346075989030077, guid: 3499597d4928ae04f84a60def49067ff, type: 3}
      propertyPath: m_LocalEulerAnglesHint.y
      value: 0
      objectReference: {fileID: 0}
    - target: {fileID: 7029346075989030077, guid: 3499597d4928ae04f84a60def49067ff, type: 3}
      propertyPath: m_LocalEulerAnglesHint.z
      value: 0
      objectReference: {fileID: 0}
    - target: {fileID: 7693997197639872007, guid: 3499597d4928ae04f84a60def49067ff, type: 3}
      propertyPath: m_Name
      value: PlatformWall00_5 Variant (1)
      objectReference: {fileID: 0}
    - target: {fileID: 8198360980422610898, guid: 3499597d4928ae04f84a60def49067ff, type: 3}
      propertyPath: m_Materials.Array.data[0]
      value: 
      objectReference: {fileID: 2100000, guid: 6822fa769fd87e143be8584e9efa214a, type: 2}
    - target: {fileID: 8198360980422610898, guid: 3499597d4928ae04f84a60def49067ff, type: 3}
      propertyPath: m_Materials.Array.data[2]
      value: 
      objectReference: {fileID: 2100000, guid: bce7ecf6ba3b4994c97012ce7f759ed9, type: 2}
    m_RemovedComponents: []
  m_SourcePrefab: {fileID: 100100000, guid: 3499597d4928ae04f84a60def49067ff, type: 3}
--- !u!4 &6273733021437149934 stripped
Transform:
  m_CorrespondingSourceObject: {fileID: 7029346075989030077, guid: 3499597d4928ae04f84a60def49067ff, type: 3}
  m_PrefabInstance: {fileID: 3935451123531052627}
  m_PrefabAsset: {fileID: 0}
--- !u!1001 &5108781895596664502
PrefabInstance:
  m_ObjectHideFlags: 0
  serializedVersion: 2
  m_Modification:
    m_TransformParent: {fileID: 3157449888127687147}
    m_Modifications:
    - target: {fileID: 7029346075989030077, guid: 3499597d4928ae04f84a60def49067ff, type: 3}
      propertyPath: m_RootOrder
      value: 0
      objectReference: {fileID: 0}
    - target: {fileID: 7029346075989030077, guid: 3499597d4928ae04f84a60def49067ff, type: 3}
      propertyPath: m_LocalPosition.x
      value: 0
      objectReference: {fileID: 0}
    - target: {fileID: 7029346075989030077, guid: 3499597d4928ae04f84a60def49067ff, type: 3}
      propertyPath: m_LocalPosition.y
      value: 0
      objectReference: {fileID: 0}
    - target: {fileID: 7029346075989030077, guid: 3499597d4928ae04f84a60def49067ff, type: 3}
      propertyPath: m_LocalPosition.z
      value: 0
      objectReference: {fileID: 0}
    - target: {fileID: 7029346075989030077, guid: 3499597d4928ae04f84a60def49067ff, type: 3}
      propertyPath: m_LocalRotation.w
      value: 1
      objectReference: {fileID: 0}
    - target: {fileID: 7029346075989030077, guid: 3499597d4928ae04f84a60def49067ff, type: 3}
      propertyPath: m_LocalRotation.x
      value: -0
      objectReference: {fileID: 0}
    - target: {fileID: 7029346075989030077, guid: 3499597d4928ae04f84a60def49067ff, type: 3}
      propertyPath: m_LocalRotation.y
      value: -0
      objectReference: {fileID: 0}
    - target: {fileID: 7029346075989030077, guid: 3499597d4928ae04f84a60def49067ff, type: 3}
      propertyPath: m_LocalRotation.z
      value: -0
      objectReference: {fileID: 0}
    - target: {fileID: 7029346075989030077, guid: 3499597d4928ae04f84a60def49067ff, type: 3}
      propertyPath: m_LocalEulerAnglesHint.x
      value: 0
      objectReference: {fileID: 0}
    - target: {fileID: 7029346075989030077, guid: 3499597d4928ae04f84a60def49067ff, type: 3}
      propertyPath: m_LocalEulerAnglesHint.y
      value: 0
      objectReference: {fileID: 0}
    - target: {fileID: 7029346075989030077, guid: 3499597d4928ae04f84a60def49067ff, type: 3}
      propertyPath: m_LocalEulerAnglesHint.z
      value: 0
      objectReference: {fileID: 0}
    - target: {fileID: 7693997197639872007, guid: 3499597d4928ae04f84a60def49067ff, type: 3}
      propertyPath: m_Name
      value: PlatformWall00_5 Variant
      objectReference: {fileID: 0}
    - target: {fileID: 8198360980422610898, guid: 3499597d4928ae04f84a60def49067ff, type: 3}
      propertyPath: m_Materials.Array.data[0]
      value: 
      objectReference: {fileID: 2100000, guid: 6822fa769fd87e143be8584e9efa214a, type: 2}
    - target: {fileID: 8198360980422610898, guid: 3499597d4928ae04f84a60def49067ff, type: 3}
      propertyPath: m_Materials.Array.data[2]
      value: 
      objectReference: {fileID: 2100000, guid: c6389da2a8db8904189c94ad3f88c264, type: 2}
    m_RemovedComponents: []
  m_SourcePrefab: {fileID: 100100000, guid: 3499597d4928ae04f84a60def49067ff, type: 3}
--- !u!4 &2840446532268904971 stripped
Transform:
  m_CorrespondingSourceObject: {fileID: 7029346075989030077, guid: 3499597d4928ae04f84a60def49067ff, type: 3}
  m_PrefabInstance: {fileID: 5108781895596664502}
  m_PrefabAsset: {fileID: 0}
--- !u!1001 &8529520774059820271
PrefabInstance:
  m_ObjectHideFlags: 0
  serializedVersion: 2
  m_Modification:
    m_TransformParent: {fileID: 3157449888127687147}
    m_Modifications:
    - target: {fileID: 3332353345429727733, guid: a4b3d9696735ddd4495a93e1c80098b1, type: 3}
      propertyPath: m_Materials.Array.data[1]
      value: 
      objectReference: {fileID: 2100000, guid: d10ba99d28d23ae489236b94f2e08eef, type: 2}
    - target: {fileID: 3332353345429727733, guid: a4b3d9696735ddd4495a93e1c80098b1, type: 3}
      propertyPath: m_Materials.Array.data[2]
      value: 
      objectReference: {fileID: 2100000, guid: 3891fed9cdda3544b8d8ec504ba5a181, type: 2}
    - target: {fileID: 3836532272820111392, guid: a4b3d9696735ddd4495a93e1c80098b1, type: 3}
      propertyPath: m_Name
      value: PlatformWall00b_5 Variant
      objectReference: {fileID: 0}
    - target: {fileID: 4500724863496065690, guid: a4b3d9696735ddd4495a93e1c80098b1, type: 3}
      propertyPath: m_RootOrder
      value: 3
      objectReference: {fileID: 0}
    - target: {fileID: 4500724863496065690, guid: a4b3d9696735ddd4495a93e1c80098b1, type: 3}
      propertyPath: m_LocalPosition.x
      value: 0
      objectReference: {fileID: 0}
    - target: {fileID: 4500724863496065690, guid: a4b3d9696735ddd4495a93e1c80098b1, type: 3}
      propertyPath: m_LocalPosition.y
      value: -5
      objectReference: {fileID: 0}
    - target: {fileID: 4500724863496065690, guid: a4b3d9696735ddd4495a93e1c80098b1, type: 3}
      propertyPath: m_LocalPosition.z
      value: 0
      objectReference: {fileID: 0}
    - target: {fileID: 4500724863496065690, guid: a4b3d9696735ddd4495a93e1c80098b1, type: 3}
      propertyPath: m_LocalRotation.w
      value: 1
      objectReference: {fileID: 0}
    - target: {fileID: 4500724863496065690, guid: a4b3d9696735ddd4495a93e1c80098b1, type: 3}
      propertyPath: m_LocalRotation.x
      value: 0
      objectReference: {fileID: 0}
    - target: {fileID: 4500724863496065690, guid: a4b3d9696735ddd4495a93e1c80098b1, type: 3}
      propertyPath: m_LocalRotation.y
      value: -0
      objectReference: {fileID: 0}
    - target: {fileID: 4500724863496065690, guid: a4b3d9696735ddd4495a93e1c80098b1, type: 3}
      propertyPath: m_LocalRotation.z
      value: -0
      objectReference: {fileID: 0}
    - target: {fileID: 4500724863496065690, guid: a4b3d9696735ddd4495a93e1c80098b1, type: 3}
      propertyPath: m_LocalEulerAnglesHint.x
      value: 0
      objectReference: {fileID: 0}
    - target: {fileID: 4500724863496065690, guid: a4b3d9696735ddd4495a93e1c80098b1, type: 3}
      propertyPath: m_LocalEulerAnglesHint.y
      value: 0
      objectReference: {fileID: 0}
    - target: {fileID: 4500724863496065690, guid: a4b3d9696735ddd4495a93e1c80098b1, type: 3}
      propertyPath: m_LocalEulerAnglesHint.z
      value: 0
      objectReference: {fileID: 0}
    m_RemovedComponents: []
  m_SourcePrefab: {fileID: 100100000, guid: a4b3d9696735ddd4495a93e1c80098b1, type: 3}
--- !u!4 &5200312424549652085 stripped
Transform:
  m_CorrespondingSourceObject: {fileID: 4500724863496065690, guid: a4b3d9696735ddd4495a93e1c80098b1, type: 3}
  m_PrefabInstance: {fileID: 8529520774059820271}
  m_PrefabAsset: {fileID: 0}
